[Event "Team 45 45 League T45"]
[Site "Internet Chess Club"]
[Date "2010.05.29"]
[Round "4"]
[White "Constrictor"]
[Black "Tobiasdelmonte"]
[Result "0-1"]
[WhiteElo "1716"]
[BlackElo "1748"]
[Opening "Réti: Nimzovich-Larsen attack"]
[ECO "A06"]
[Time "10:00:21"]
[TimeControl "2700+45"]

1. Nf3 d5 2. b3 Nf6 3. e3 c5 4. Bb5+ Bd7 5. Qe2 a6 6. Bxd7+ Nbxd7 7. Bb2 e6 8.
O-O Bd6 9. d3 O-O 10. Nbd2 e5 11. c4 d4 12. Ng5 h6 13. Nge4 Qc7 14. Qf3 Nxe4 15.
Nxe4 f5 16. Nxd6 Qxd6 17. Qxb7 dxe3 18. fxe3 Qxd3 19. Qd5+ Qxd5 20. cxd5 Nb6 21.
Bxe5 Nxd5 22. Bd6 Nxe3 23. Rf3 Nc2 24. Bxf8 Nxa1 25. Bxc5 g6 26. Rc3 Rd8 27. Rc1
Rd5 28. b4 a5 29. Rxa1 axb4 30. Bxb4 Rb5 31. a3 Kf7 32. Rc1 Kf6 33. Rc5 Rb7 34.
Rc6+ Kg5 35. Bd2+ f4 36. Rc4 Rb1+ 37. Kf2 Rb2 38. Ke2 Ra2 39. Rc3 Kg4 40. Rd3 g5
41. h3+ Kf5 42. Kf3 h5 43. Bb4 g4+ {White resigns} 0-1

[Event "Team 45 45 League T45"]
[Site "Internet Chess Club"]
[Date "2010.05.30"]
[Round "4"]
[White "Egmont"]
[Black "Frankly"]
[Result "0-1"]
[WhiteElo "1768"]
[BlackElo "1770"]
[Opening "Sicilian: Canal-Sokolsky attack, Sokolsky variation"]
[ECO "B52"]
[Time "09:00:16"]
[TimeControl "2700+45"]

1. e4 c5 2. Nf3 d6 3. Bb5+ Bd7 4. Bxd7+ Qxd7 5. c4 Nc6 6. O-O g6 7. d4 cxd4 8.
Nxd4 Nxd4 9. Qxd4 Nf6 10. e5 dxe5 11. Qxe5 Bg7 12. Re1 O-O-O 13. Bf4 Qd6 14. Qe3
Qd4 15. Qxd4 Rxd4 16. Be3 Rxc4 17. Nd2 Rc2 18. Rac1 Rxc1 19. Rxc1+ Kb8 20. Bf4+
Ka8 21. Nf3 Nd5 22. Be5 f6 23. Bg3 e5 24. h4 b6 25. Rd1 Rd8 26. Ne1 Kb7 27. Nc2
Kc8 28. Rc1 Bh6 29. Ne3+ Kb7 30. Rd1 Bxe3 31. fxe3 Kc8 32. Rc1+ Kd7 33. Rd1 Ke7
34. e4 Nb4 35. Rc1 Rd7 36. a3 Nd3 37. Rc2 Nc5 38. Rc4 Nb3 39. Rc3 Nd4 40. Kf2
Ne6 41. Ke2 Rc7 42. Rxc7+ Nxc7 43. Be1 Nb5 44. Kd3 Ke6 45. a4 Nd4 46. Bf2 Nc6
47. Kc4 Kd6 48. g4 Na5+ 49. Kb4 Kc6 50. Be3 Nb7 51. Kc4 Nd6+ 52. Kd3 a6 53. b4
b5 54. axb5+ Kxb5 55. Bc5 Ne8 56. Be7 h5 57. g5 fxg5 58. Bxg5 Kxb4 59. Be7+ Kb5
60. Kc3 a5 61. Kb3 a4+ 62. Kc3 Kc6 63. Kc4 Nd6+ {White resigns} 0-1

[Event "Team 45 45 League T45"]
[Site "Internet Chess Club"]
[Date "2010.05.30"]
[Round "4"]
[White "perikitosax"]
[Black "chinna"]
[Result "0-1"]
[WhiteElo "1974"]
[BlackElo "2031"]
[Opening "QGD semi-Slav: Botvinnik system (anti-Meran)"]
[ECO "D44"]
[Time "10:21:59"]
[TimeControl "2700+45"]

1. d4 d5 2. Nf3 Nf6 3. c4 c6 4. Nc3 e6 5. Bg5 dxc4 6. e4 b5 7. e5 h6 8. Bh4 g5
9. Bg3 Nd5 10. Nd2 Bb7 11. Nde4 Be7 12. Be2 Nxc3 13. bxc3 c5 14. Nd6+ Bxd6 15.
exd6 Bxg2 16. Bf3 Bxf3 17. Qxf3 Nd7 18. dxc5 Nxc5 19. Qc6+ Nd7 20. Qxb5 Rc8 21.
h4 Qf6 22. Rc1 Qf3 23. O-O gxh4 24. Bxh4 Rc5 25. Qa6 Rg8+ {White resigns} 0-1

[Event "Team 45 45 League T45"]
[Site "Internet Chess Club"]
[Date "2010.05.30"]
[Round "4"]
[White "PopolVuh"]
[Black "alexdb"]
[Result "0-1"]
[WhiteElo "1950"]
[BlackElo "1975"]
[Opening "Nimzo-Indian: Kmoch variation"]
[ECO "E20"]
[Time "14:13:43"]
[TimeControl "2700+45"]

1. d4 Nf6 2. c4 e6 3. Nc3 Bb4 4. f3 d5 5. a3 Bxc3+ 6. bxc3 O-O 7. e3 c5 8. Bd3
Qc7 9. cxd5 Nxd5 10. Bd2 b6 11. e4 Nf4 12. Bxf4 Qxf4 13. Qd2 Qh4+ 14. g3 Qd8 15.
Ne2 Nc6 16. Bb5 Qc7 17. O-O Rd8 18. Rfd1 Bb7 19. Rac1 Qe7 20. a4 Na5 21. Qe3 a6
22. Bd3 c4 23. Bc2 Qc7 24. Qg5 h6 25. Qg4 Bc8 26. e5 Bb7 27. Nf4 Qe7 28. h4 b5
29. Nh5 Qf8 30. Rb1 Bc6 31. Be4 Rab8 32. axb5 axb5 33. Ra1 Bxe4 34. Qxe4 Ra8 35.
Rdb1 Nb3 36. Rxa8 Rxa8 37. Qc6 Qe8 38. Qb7 Rb8 39. Qc7 b4 40. g4 Rc8 41. Qa7
bxc3 42. Qa2 Nd2 43. Rc1 Nxf3+ 44. Kf2 Nxd4 45. Rxc3 Qc6 46. Ng3 Qc5 47. Kg2
Qd5+ 48. Kh2 Qxe5 49. Rxc4 Rxc4 50. Qxc4 Qf4 51. Kh3 Qe3 52. h5 f5 53. Qc8+ Kh7
54. Qe8 fxg4+ 55. Kxg4 Qg5+ 56. Kh3 Nf5 57. Nf1 Qh4+ 58. Kg2 Qg4+ 59. Kf2 Nh4
60. Nd2 Qg2+ 61. Ke3 Nf5+ 62. Kd3 Qd5+ 63. Ke2 Ng3+ 64. Kd1 Qxh5+ {White
resigns} 0-1

[Event "Team 45 45 League T45"]
[Site "Internet Chess Club"]
[Date "2010.05.28"]
[Round "4"]
[White "Holzschlange"]
[Black "upsan"]
[Result "1/2-1/2"]
[WhiteElo "1867"]
[BlackElo "1867"]
[Opening "English opening"]
[ECO "A13"]
[Time "09:35:21"]
[TimeControl "2700+45"]

1. c4 e6 2. Nc3 f5 3. g3 Nf6 4. Bg2 c6 5. e4 fxe4 6. Nxe4 d5 7. Nxf6+ Qxf6 8.
Ne2 Bc5 9. O-O O-O 10. d4 Bd6 11. Qb3 Qe7 12. Bf4 Nd7 13. Rfe1 Bb4 14. Rf1 dxc4
15. Qxc4 Nb6 16. Qb3 Nd5 17. a3 Nxf4 18. Nxf4 Bd6 19. Nd3 a5 20. Rac1 a4 21. Qc3
Bd7 22. Rfe1 Qf6 23. Rc2 h5 24. Nc5 Bxc5 25. Qxc5 h4 26. Qe5 hxg3 27. hxg3 Qxe5
28. Rxe5 Kf7 29. Rcc5 Ra7 30. Ra5 Rfa8 31. Rac5 Rh8 32. Rh5 Rxh5 33. Rxh5 Ra6
34. Rh8 {Game drawn by mutual agreement} 1/2-1/2

[Event "Team 45 45 League T45"]
[Site "Internet Chess Club"]
[Date "2010.05.31"]
[Round "4"]
[White "Freitac"]
[Black "Fulvio"]
[Result "0-1"]
[WhiteElo "1972"]
[BlackElo "1994"]
[Opening "QGD semi-Slav: Chigorin defense"]
[ECO "D46"]
[Time "16:38:29"]
[TimeControl "2700+45"]

1. d4 d5 2. c4 c6 3. Nc3 Nf6 4. e3 e6 5. Nf3 Nbd7 6. Bd3 Bd6 7. O-O O-O 8. Bd2
e5 9. dxe5 Nxe5 10. Nxe5 Bxe5 11. f4 Bc7 12. cxd5 cxd5 13. Qc2 Bd7 14. e4 Bb6+
15. Kh1 dxe4 16. Nxe4 h6 17. Nxf6+ Qxf6 18. Bc3 Bd4 19. Bxd4 Qxd4 20. Rad1 Qa4
21. Qd2 Bg4 22. Bc2 Qa6 23. Rde1 Rae8 24. h3 Bc8 25. Qd5 Qf6 26. Qd3 g6 27. Qd2
Rxe1 28. Rxe1 Qxb2 29. Qd1 Qf6 30. Qe2 Bd7 31. Bb3 Re8 32. Qf2 Rxe1+ 33. Qxe1
Qxf4 34. Qe7 Bc6 35. Kg1 Kg7 36. h4 a5 37. h5 a4 38. hxg6 axb3 39. gxf7 Qxf7 40.
Qe5+ Kh7 41. axb3 Bxg2 42. Kxg2 Qg7+ 43. Qxg7+ Kxg7 44. Kf3 Kf6 45. Kf4 Ke6
{White resigns} 0-1

[Event "Team 45 45 League T45"]
[Site "Internet Chess Club"]
[Date "2010.05.31"]
[Round "4"]
[White "crazyhorses"]
[Black "Tamarin"]
[Result "0-1"]
[WhiteElo "1450"]
[BlackElo "1687"]
[Opening "Ruy Lopez: closed, Pilnik variation"]
[ECO "C90"]
[Time "04:00:10"]
[TimeControl "2700+45"]

1. e4 e5 2. Nf3 Nc6 3. Bb5 Nf6 4. O-O d6 5. Re1 a6 6. Ba4 b5 7. Bb3 Be7 8. c3
O-O 9. d3 Bg4 10. Nbd2 Na5 11. Bc2 c5 12. Nf1 Rc8 13. Ne3 Bd7 14. d4 cxd4 15.
cxd4 exd4 16. Nxd4 Nc6 17. Ndf5 Bxf5 18. Nxf5 Qc7 19. Bf4 Rfd8 20. Bb3 Ne5 21.
Rc1 Qb7 22. Rxc8 Rxc8 23. Nxd6 Bxd6 24. Qxd6 Nc4 25. Qd4 Qd7 26. Qxd7 Nxd7 27.
Bxc4 Rxc4 28. Rd1 Rxe4 29. f3 Rxf4 30. Rxd7 h6 31. Rd8+ Kh7 32. Rd6 Rf6 33. Rxf6
gxf6 34. Kf2 Kg6 35. Ke3 Kf5 36. f4 Ke6 37. g4 f5 38. h3 fxg4 39. hxg4 f5 40.
Kf3 fxg4+ 41. Kxg4 Kf6 42. Kh5 Kf5 43. Kxh6 Kxf4 44. Kg6 Ke3 45. Kf5 Kd3 46. Ke5
Kc2 47. b3 Kb2 48. a4 Kxb3 49. axb5 axb5 50. Kd4 Ka3 51. Kc3 b4+ 52. Kc2 Ka2
{White resigns} 0-1

[Event "Team 45 45 League T45"]
[Site "Internet Chess Club"]
[Date "2010.05.29"]
[Round "4"]
[White "megarook"]
[Black "RayF"]
[Result "0-1"]
[WhiteElo "1560"]
[BlackElo "1692"]
[Opening "King's Indian: orthodox, Aronin-Taimanov, bayonet attack"]
[ECO "E97"]
[Time "05:00:38"]
[TimeControl "2700+45"]

1. d4 Nf6 2. c4 g6 3. Nc3 Bg7 4. e4 d6 5. Nf3 O-O 6. Be2 e5 7. O-O Nc6 8. d5 Ne7
9. b4 Nh5 10. Re1 f5 11. Bg5 h6 12. Be3 Nf4 13. Bf1 fxe4 14. Nxe4 Bg4 15. Be2
Nxe2+ 16. Qxe2 Bxf3 17. gxf3 Qd7 18. b5 Qh3 19. Ng3 Nf5 20. Qf1 Qxf1+ 21. Nxf1
Nxe3 22. Rxe3 a6 23. Rb1 axb5 24. Rxb5 b6 25. a3 Bf6 26. Reb3 Bg5 27. R5b4 Kg7
28. a4 Ra5 29. Kg2 Rfa8 30. Ra3 Bc1 31. Ra1 Bf4 32. Ra2 Kf6 33. Ng3 Kg7 34. Ne4
Rf8 35. Nc3 Bg5 36. Rb5 Ra6 37. Rb4 Bd8 38. Nb5 Rf4 39. Re2 Ra8 40. Re4 Rf7 41.
Kg3 Bg5 42. Re2 Bf4+ 43. Kg2 Kf6 44. h4 h5 45. Nc3 g5 46. Ne4+ Kf5 47. Ng3+ Bxg3
48. fxg3 gxh4 49. gxh4 Rg7+ 50. Kh3 Rag8 51. Kh2 Kf4 52. Rf2 Ke3 53. Rbb2 Rf8
54. Rbe2+ Kd3 55. Re4 Rxf3 56. Rxf3+ Kxe4 57. Rc3 Kd4 58. Rc2 e4 59. Rg2 Rxg2+
60. Kxg2 e3 61. Kf3 Kd3 62. c5 dxc5 63. a5 bxa5 64. d6 cxd6 65. Kg2 Kd2 66. Kh2
e2 67. Kh3 e1=Q 68. Kg2 c4 {White resigns} 0-1

[Event "Team 45 45 League T45"]
[Site "Internet Chess Club"]
[Date "2010.05.30"]
[Round "4"]
[White "seattleblues"]
[Black "MateIn42"]
[Result "0-1"]
[WhiteElo "1230"]
[BlackElo "1431"]
[Opening "Petrov: classical attack"]
[ECO "C42"]
[Time "22:00:40"]
[TimeControl "2700+45"]

1. e4 e5 2. Nf3 Nf6 3. Nxe5 d6 4. Nf3 Nxe4 5. d4 d5 6. Nbd2 Bg4 7. h3 Qe7 8. Be2
Nxd2 9. Nxd2 Bxe2 10. Qxe2 Nc6 11. Qxe7+ Bxe7 12. Nb3 Bf6 13. c3 O-O-O 14. O-O
Rhe8 15. Be3 Re7 16. Rae1 Rde8 17. Re2 Bg5 18. Rfe1 b5 19. Kf1 Bxe3 20. Rxe3
Rxe3 21. Rxe3 Rxe3 22. fxe3 a5 23. a3 a4 24. Nc5 Na5 25. Nd3 Nc4 26. Ke2 h5 27.
g4 hxg4 28. hxg4 f6 29. Kf3 g6 30. e4 Nd2+ 31. Ke2 Nxe4 32. Nb4 Nd6 33. Nxd5 f5
34. Ne7+ Kd7 35. Nxg6 fxg4 36. Nf4 Nc4 37. Nd3 Ke6 38. Kf2 Kf5 39. Kg3 c6 40.
Kg2 Ke4 41. Nc5+ Ke3 42. b3 axb3 43. Nxb3 Kd3 44. Nc5+ Kxc3 45. a4 b4 46. Kg3 b3
47. Nxb3 Kxb3 48. a5 Nxa5 49. Kxg4 Kc4 50. Kf3 Kxd4 51. Ke2 Kc3 52. Ke3 c5 53.
Ke4 Kb2 54. Kd3 c4+ 55. Kd4 c3 56. Kd3 c2 57. Kd2 c1=Q+ {White resigns} 0-1

[Event "Team 45 45 League T45"]
[Site "Internet Chess Club"]
[Date "2010.05.29"]
[Round "4"]
[White "dabodhi"]
[Black "Conjurer"]
[Result "1-0"]
[WhiteElo "1232"]
[BlackElo "1255"]
[Opening "Queen's pawn game"]
[ECO "A46"]
[Time "14:05:22"]
[TimeControl "2700+45"]

1. d4 Nf6 2. Nf3 e6 3. a3 c5 4. c4 cxd4 5. Nxd4 Nc6 6. Bg5 Qb6 7. Bxf6 gxf6 8.
Nxc6 bxc6 9. b4 d5 10. c5 Qc7 11. g3 e5 12. h4 h5 13. Nc3 d4 14. Ne4 f5 15. Ng5
f6 16. Nf3 Be6 17. Qd3 Rd8 18. Qc2 a5 19. Bh3 e4 20. Nd2 Ra8 21. Nc4 axb4 22.
O-O bxa3 23. Nxa3 Ra5 24. Nc4 Rxc5 25. Ra8+ Kf7 26. Ne5+ Qxe5 27. Ra7+ Be7 28.
Qa4 Bc4 29. Rb1 Bb5 30. Qa2+ Kg6 31. Ra8 Rxa8 32. Qxa8 Kf7 33. Qh8 f4 34. Qh7+
Ke8 35. Qg8+ Bf8 36. Ra1 Qb8 37. Qe6+ Be7 38. Qg8+ Bf8 39. Qg6+ Kd8 40. Qxf6+
Be7 41. Qh8+ Kc7 42. Qg7 Kd6 43. Qg6+ Kd5 44. Qe6# {Black checkmated} 1-0

[Event "Team 45 45 League T45"]
[Site "Internet Chess Club"]
[Date "2010.06.01"]
[Round "4"]
[White "rookmaster23"]
[Black "kidcobra"]
[Result "1-0"]
[WhiteElo "1417"]
[BlackElo "1534"]
[Opening "QGD Slav: 4.Nc3"]
[ECO "D15"]
[Time "15:28:04"]
[TimeControl "2700+45"]

1. d4 d5 2. c4 c6 3. Nc3 Nf6 4. Nf3 Bf5 5. cxd5 cxd5 6. Qb3 b6 7. e3 e6 8. Bb5+
Nbd7 9. Qa4 Be7 10. Ne5 Qc8 11. Ba6 Qc7 12. Nb5 Qb8 13. Nc6 O-O 14. Nxb8 Raxb8
15. O-O Bd3 16. Rd1 Bxb5 17. Bxb5 a6 18. Bxd7 b5 19. Bxb5 axb5 20. Qb3 Ne4 21.
Bd2 Nxd2 22. Rxd2 Rfc8 23. Rc2 Rd8 24. Rc6 b4 25. Rac1 Bf6 26. Qc2 g6 27. f4 g5
28. fxg5 Bxg5 29. Qe2 Kg7 30. h4 Bh6 31. Qg4+ Kf8 32. Rf1 Bxe3+ 33. Kh1 f5 34.
Rxe6 Kf7 35. Qxf5+ Kg8 36. Qf7+ Kh8 37. Re7 Rf8 38. Qxh7# {Black checkmated} 1-0

[Event "Team 45 45 League T45"]
[Site "Internet Chess Club"]
[Date "2010.05.30"]
[Round "4"]
[White "chesskix"]
[Black "LeanSixSigma"]
[Result "1-0"]
[WhiteElo "1390"]
[BlackElo "1380"]
[Opening "Queen's pawn game"]
[ECO "D02"]
[Time "20:01:36"]
[TimeControl "2700+45"]

1. Nf3 d5 2. d4 c6 3. Nbd2 Bf5 4. g3 Nf6 5. Bg2 Nbd7 6. O-O e6 7. Nh4 Bg4 8. h3
Bh5 9. Ndf3 Bxf3 10. exf3 Be7 11. Bh1 h6 12. Ng2 g5 13. Ne3 Qc7 14. Re1 O-O-O
15. c4 dxc4 16. Nxc4 Nb6 17. Nxb6+ Qxb6 18. Be3 Bc5 19. Qc2 Bxd4 20. Bxd4 Rxd4
21. Rac1 Rhd8 22. Re2 Nh5 23. Kh2 f5 24. f4 gxf4 25. Bxc6 fxg3+ 26. fxg3 bxc6
27. Qxc6+ Qxc6 28. Rxc6+ Kb7 29. Rcxe6 Rd2 30. Re7+ Kc6 31. Re6+ R2d6 32. Re7
Nf6 33. Rxa7 Kb6 34. Rae7 Nd5 35. R7e5 f4 36. gxf4 Nxf4 37. Rc2 Rd2+ 38. Rxd2
Rxd2+ 39. Kg3 Ne2+ 40. Kg4 Rd1 41. Rxe2 Rd4+ 42. Kh5 Rd3 43. h4 Rd4 {Black
resigns} 1-0

[Event "Team 45 45 League T45"]
[Site "Internet Chess Club"]
[Date "2010.05.28"]
[Round "4"]
[White "krysto"]
[Black "Fisherman77"]
[Result "1-0"]
[WhiteElo "1269"]
[BlackElo "1366"]
[Opening "Scandinavian (center counter) defense"]
[ECO "B01"]
[Time "21:00:51"]
[TimeControl "2700+45"]

1. e4 d5 2. exd5 Qxd5 3. Nc3 Qa5 4. d4 Nc6 5. d5 Nd8 6. Nf3 Bg4 7. a3 a6 8. b4
Qb6 9. Be3 Qf6 10. Ne4 Bxf3 11. Nxf6+ exf6 12. Qxf3 Bd6 13. Bd3 c6 14. O-O Ne7
15. dxc6 Ndxc6 16. Rfe1 O-O 17. Qh3 Ng6 18. Qd7 Rfd8 19. Qxb7 Nce5 20. Rad1 Ng4
21. Bxg6 Bxh2+ 22. Kf1 Nxe3+ 23. fxe3 hxg6 24. Rxd8+ Rxd8 25. Ke2 Be5 26. Rd1
Rf8 27. Qe7 Bc3 28. Rh1 Rc8 29. Qd7 Rb8 30. Qh3 {Black resigns} 1-0

[Event "Team 45 45 League T45"]
[Site "Internet Chess Club"]
[Date "2010.05.31"]
[Round "4"]
[White "kingsrook"]
[Black "supraholic"]
[Result "0-1"]
[WhiteElo "1340"]
[BlackElo "1281"]
[Opening "Queen's pawn game"]
[ECO "D04"]
[Time "16:06:57"]
[TimeControl "2700+45"]

1. d4 d5 2. Nf3 Nf6 3. e3 Bg4 4. c4 e6 5. Qb3 b6 6. Ne5 Bd6 7. cxd5 exd5 8. Nxg4
Nxg4 9. Qxd5 Bb4+ 10. Nc3 Bxc3+ 11. bxc3 Qxd5 12. Be2 Qxg2 {White resigns} 0-1

[Event "Team 45 45 League T45"]
[Site "Internet Chess Club"]
[Date "2010.05.31"]
[Round "4"]
[White "pawnward"]
[Black "parrot9"]
[Result "1/2-1/2"]
[WhiteElo "1683"]
[BlackElo "1668"]
[Opening "Sicilian: Najdorf, 6...e6"]
[ECO "B95"]
[Time "08:51:54"]
[TimeControl "2700+45"]

1. e4 c5 2. Nf3 d6 3. d4 cxd4 4. Nxd4 Nf6 5. Nc3 a6 6. Bg5 e6 7. Qe2 Be7 8.
O-O-O Qc7 9. f4 Nbd7 10. g3 b5 11. Bg2 Bb7 12. e5 dxe5 13. fxe5 Nd5 14. Bxe7
Nxe7 15. Bxb7 Qxb7 16. Ne4 O-O 17. Ng5 Ng6 18. Ngf3 Qc7 19. Rhe1 Rfd8 20. h4 h6
21. h5 Ne7 22. g4 Rac8 23. g5 Qc4 24. gxh6 Qxe2 25. Rxe2 gxh6 26. Rg1+ Kh7 27.
Nd2 Rg8 28. Rf1 Rg7 29. Ne4 Nd5 30. Nd6 Rf8 31. Nc6 Rg5 32. Rxf7+ Rxf7 33. Nxf7
Rxh5 34. Nd6 Rh1+ 35. Kd2 Nc5 36. Nd4 {Game drawn by mutual agreement} 1/2-1/2

[Event "Team 45 45 League T45"]
[Site "Internet Chess Club"]
[Date "2010.05.30"]
[Round "4"]
[White "Invicta-Knight"]
[Black "Manders"]
[Result "0-1"]
[WhiteElo "1517"]
[BlackElo "1644"]
[Opening "French: advance, Milner-Barry gambit"]
[ECO "C02"]
[Time "09:12:32"]
[TimeControl "2700+45"]

1. e4 e6 2. d4 d5 3. e5 c5 4. c3 Nc6 5. Nf3 Qb6 6. Bd3 Bd7 7. O-O cxd4 8. cxd4
Nxd4 9. Nxd4 Qxd4 10. Qe2 Ne7 11. Kh1 Nc6 12. f4 Nb4 13. Be3 Qxd3 14. Qxd3 Nxd3
15. Nc3 Nxb2 16. Rab1 Nc4 17. Bf2 Nd2 {White resigns} 0-1

[Event "Team 45 45 League T45"]
[Site "Internet Chess Club"]
[Date "2010.05.30"]
[Round "4"]
[White "houseofcook"]
[Black "Chessnut4"]
[Result "0-1"]
[WhiteElo "1499"]
[BlackElo "1523"]
[Opening "Caro-Kann: exchange, Rubinstein variation"]
[ECO "B13"]
[Time "13:00:36"]
[TimeControl "2700+45"]

1. e4 c6 2. d4 d5 3. exd5 cxd5 4. Bd3 Nf6 5. Bf4 Nc6 6. c3 Bg4 7. Qb3 Qc8 8. Nd2
e6 9. h3 Bh5 10. Ngf3 Bg6 11. Bxg6 hxg6 12. O-O Nd7 13. Rfe1 Be7 14. Ne5 O-O 15.
Qc2 Bf6 16. Ndf3 Ndxe5 17. dxe5 Be7 18. Qd3 Na5 19. b3 Rd8 20. Rac1 Qd7 21. Nd4
a6 22. Bh2 Rac8 23. Qg3 Rc7 24. h4 Nc6 25. h5 gxh5 26. Qh3 h4 27. Qg4 g6 28. Bf4
Kg7 29. Re3 Nxd4 30. Rh3 Nf5 31. Bg5 Rdc8 32. Qf4 Qd8 33. Bxe7 Qxe7 34. Qh2 Qg5
35. Rc2 Kf8 36. g3 Ke7 37. Kf1 Rxc3 38. Rxc3 Rxc3 39. gxh4 Rc1+ 40. Ke2 Nd4+ 41.
Kd3 Qf5+ 42. Ke3 Qe4+ 43. Kd2 Rc2+ {White resigns} 0-1

[Event "Team 45 45 League T45"]
[Site "Internet Chess Club"]
[Date "2010.05.27"]
[Round "4"]
[White "Kallistos"]
[Black "Ivio"]
[Result "1-0"]
[WhiteElo "1711"]
[BlackElo "1827"]
[Opening "French: advance variation"]
[ECO "C02"]
[Time "09:07:19"]
[TimeControl "2700+45"]

1. e4 e6 2. d4 d5 3. e5 c5 4. c3 Qa5 5. Nf3 cxd4 6. Nxd4 Qc7 7. Bf4 a6 8. Bd3
Ne7 9. Qh5 g6 10. Qh4 Bg7 11. Nf3 Nbc6 12. O-O Nxe5 13. Nxe5 Bxe5 14. Bxe5 Qxe5
15. Nd2 Nf5 16. Bxf5 Qxf5 17. Qb4 h5 18. Nf3 g5 19. Rfe1 h4 20. h3 f6 21. Nd4
Qf4 22. Qb6 Kf7 23. Nxe6 Bxe6 24. Qxe6+ Kg6 25. Rad1 Rhe8 26. Qxd5 Rad8 27. Qxd8
Rxd8 28. Rxd8 Qa4 29. Rd6 Qf4 30. Rd7 b5 31. Rd4 Qf5 32. Ree4 a5 33. a3 Qc5 34.
Rd8 Qf5 35. f3 Qc5+ 36. Red4 Qe5 37. Kf2 Qg3+ 38. Kf1 Qh2 39. R8d5 b4 40. axb4
axb4 41. Rxb4 Qh1+ 42. Kf2 Qc1 43. Rd7 Qc2+ 44. Kf1 Qc1+ 45. Ke2 Qg1 46. Rg4 f5
47. Rd6+ Kh5 48. Kd2 Qf2+ 49. Kc1 Qe1+ 50. Kc2 Qe2+ 51. Rd2 Qe3 52. Rgd4 g4 53.
hxg4+ Kg5 54. Rd5 h3 55. Rxf5+ Kh4 56. Rh5+ Kg3 57. Rxh3+ Kf4 58. Rd4+ {Black
resigns} 1-0

[Event "Team 45 45 League T45"]
[Site "Internet Chess Club"]
[Date "2010.05.31"]
[Round "4"]
[White "Salvatore"]
[Black "ScotchYeti"]
[Result "1-0"]
[WhiteElo "1597"]
[BlackElo "1560"]
[Opening "Scandinavian: Marshall variation"]
[ECO "B01"]
[Time "16:00:13"]
[TimeControl "2700+45"]

1. e4 d5 2. exd5 Nf6 3. d4 Nxd5 4. Nf3 Bf5 5. Be2 Nb4 6. Na3 e6 7. O-O Bd6 8. c3
Nd5 9. Nc4 Nc6 10. Nxd6+ cxd6 11. c4 Ndb4 12. Ne1 O-O 13. a3 Na6 14. b4 Nc7 15.
Bb2 e5 16. d5 Ne7 17. Rc1 Ng6 18. Bg4 Qg5 19. Bxf5 Qxf5 20. Nf3 Nf4 21. Nh4 Qg5
22. g3 Ng6 23. Ng2 f5 24. c5 Qe7 25. cxd6 Qxd6 26. Re1 Rae8 27. f4 exf4 28. Rxe8
Rxe8 29. gxf4 Nxf4 30. Nxf4 Qxf4 31. d6 Qe3+ 32. Kg2 Re6 33. Be5 Qxe5 34. dxc7
Qe4+ 35. Qf3 Rg6+ 36. Kf2 Qd4+ 37. Qe3 Qh4+ 38. Kf1 Rg1+ 39. Kxg1 {Black
resigns} 1-0

[Event "Team 45 45 League T45"]
[Site "Internet Chess Club"]
[Date "2010.05.29"]
[Round "4"]
[White "Signalman"]
[Black "Berke"]
[Result "1/2-1/2"]
[WhiteElo "1536"]
[BlackElo "1568"]
[Opening "Bird: From gambit"]
[ECO "A02"]
[Time "10:03:18"]
[TimeControl "2700+45"]

1. f4 e5 2. fxe5 d6 3. exd6 Bxd6 4. Nf3 Nf6 5. d4 Bg4 6. Qd3 O-O 7. Bg5 h6 8. h3
Bg3+ 9. Kd2 Bh5 10. Bxf6 Qxf6 11. Nc3 Nd7 12. Ne4 Qg6 13. Nxg3 Qxg3 14. h4 Rfe8
15. Rd1 Bg6 16. Qb3 b6 17. Kc1 Rad8 18. e3 Be4 19. Rh3 Qg6 20. Rd2 Bf5 21. Rh1
Qe6 22. Qxe6 Bxe6 23. d5 Bf5 24. Bd3 Be4 25. Bxe4 Rxe4 26. Re1 Nf6 {Game drawn
by mutual agreement} 1/2-1/2

[Event "Team 45 45 League T45"]
[Site "Internet Chess Club"]
[Date "2010.05.28"]
[Round "4"]
[White "milesotoole"]
[Black "werty"]
[Result "0-1"]
[WhiteElo "1432"]
[BlackElo "1528"]
[Opening "French: Rubinstein variation"]
[ECO "C10"]
[Time "14:38:58"]
[TimeControl "2700+45"]

1. e4 e6 2. d4 d5 3. Nc3 dxe4 4. Nxe4 Nd7 5. Nf3 Ngf6 6. Bd3 Be7 7. Nxf6+ Bxf6
8. Qe2 O-O 9. Qe4 g6 10. Bh6 Re8 11. O-O-O c5 12. h4 cxd4 13. h5 Nc5 14. Qg4
Nxd3+ 15. Rxd3 e5 16. Qe4 Bf5 17. Qxb7 Bxd3 18. cxd3 Qc8+ 19. Qxc8 Raxc8+ 20.
Kd1 Rc6 21. hxg6 fxg6 22. Re1 Kf7 23. Re2 Rce6 24. Re4 Ke7 25. Re2 Kd7 26. Nd2
Rc8 27. Ne4 Be7 28. Nd2 Bb4 29. Nf3 Bd6 30. Ng5 Re7 31. Ne4 Rf7 32. Ng5 Rf5 33.
Ne4 Bf8 34. Bxf8 Rfxf8 35. Nd2 Rc5 36. Nf3 Kd6 37. Nd2 Kd5 38. f3 Rfc8 39. Nc4
Rxc4 40. dxc4+ Rxc4 41. Kd2 h5 42. Re1 Rc7 43. Rh1 Rh7 44. Rc1 g5 45. Rh1 h4 46.
Ke2 Kc4 47. Rc1+ Kd5 48. Rh1 a5 49. Kd3 Rc7 50. Kd2 e4 51. fxe4+ Kxe4 52. Re1+
Kd5 53. Re8 Rf7 54. Rd8+ Ke4 55. Ke1 Ke3 56. Re8+ Kd3 57. Re5 g4 58. Rxa5 g3 59.
Rh5 Re7+ 60. Kd1 Re2 61. Rxh4 Rxg2 62. Rh1 Rxb2 63. Kc1 Rxa2 64. Rh3 Rg2 65. Kb1
Kc3 66. Rh6 Kd3 67. Rh3 Ke2 68. Kb2 d3 69. Rh1 d2 {White resigns} 0-1

[Event "Team 45 45 League T45"]
[Site "Internet Chess Club"]
[Date "2010.05.31"]
[Round "4"]
[White "Karpyan"]
[Black "charles-allen"]
[Result "1/2-1/2"]
[WhiteElo "1800"]
[BlackElo "1876"]
[Opening "QGD Slav: 3.Nf3"]
[ECO "D11"]
[Time "16:02:29"]
[TimeControl "2700+45"]

1. d4 d5 2. c4 c6 3. Nf3 Nf6 4. g3 Bf5 5. Bg2 Nbd7 6. Nc3 dxc4 7. O-O e6 8. Nh4
Bg4 9. Qc2 Be7 10. e4 O-O 11. Be3 e5 12. h3 exd4 13. Bxd4 Be6 14. Rad1 Re8 15.
Qe2 Qc7 16. f4 Nc5 17. e5 Nd5 18. f5 Nxc3 19. bxc3 Bd5 20. f6 Bxf6 21. Rxf6 Bxg2
22. Rf2 Nd3 23. Rxg2 c5 24. Bf2 Rxe5 25. Qg4 Rae8 26. Qxc4 Nb2 27. Qb3 Nxd1 28.
Qxd1 Re2 29. Qd5 b6 30. Nf3 Qe7 {Game drawn by mutual agreement} 1/2-1/2

[Event "Team 45 45 League T45"]
[Site "Internet Chess Club"]
[Date "2010.06.02"]
[Round "4"]
[White "Atlantis"]
[Black "SneakyRed"]
[Result "0-1"]
[WhiteElo "1859"]
[BlackElo "1819"]
[Opening "QGD Slav defense: exchange variation"]
[ECO "D10"]
[Time "15:01:36"]
[TimeControl "2700+45"]

1. d4 d5 2. c4 c6 3. cxd5 cxd5 4. Nc3 e5 5. e3 e4 6. Bb5+ Bd7 7. Qa4 Nf6 8. Nge2
Nc6 9. Nf4 a6 10. Be2 Na5 11. Qd1 Bc6 12. Bd2 Bd6 13. g3 b5 14. a3 Nc4 15. Qc1
Rc8 16. b3 Nxd2 17. Qxd2 Bb7 18. b4 Qb6 19. f3 O-O 20. fxe4 Nxe4 21. Nxe4 dxe4
22. O-O Bxf4 23. Rxf4 Qc7 24. Bg4 Qc3 25. Qxc3 Rxc3 26. Kf2 g6 27. a4 f5 28. Bh3
bxa4 29. Rxa4 Rc2+ 30. Kg1 Re2 31. g4 Rc8 32. gxf5 Rc1+ 33. Rf1 Rxf1+ 34. Bxf1
Rxe3 35. fxg6 hxg6 36. Bxa6 Bd5 37. Ra5 Bf7 38. Re5 Kg7 39. d5 Kf6 40. Re6+ Bxe6
41. dxe6 Kxe6 42. b5 Rb3 43. Kf2 Ke5 44. Ke2 Kd4 45. h4 Rb2+ 46. Ke1 e3 47. Kd1
Kc5 48. Ke1 Rh2 49. Kf1 Rxh4 50. Ke2 Re4 51. Bb7 Re7 52. Bc6 g5 53. Ke1 g4 54.
Ke2 Kb6 55. Ke1 e2 56. Kf2 e1=Q+ {White resigns} 0-1

[Event "Team 45 45 League T45"]
[Site "Internet Chess Club"]
[Date "2010.05.29"]
[Round "4"]
[White "Duguesclin"]
[Black "BraafPaard"]
[Result "1-0"]
[WhiteElo "1627"]
[BlackElo "1573"]
[Opening "Ruy Lopez: Steinitz defense deferred (Russian defense)"]
[ECO "C79"]
[Time "04:00:25"]
[TimeControl "2700+45"]

1. e4 e5 2. Nf3 Nc6 3. Bb5 a6 4. Ba4 Nf6 5. O-O d6 6. d4 exd4 7. Nxd4 Bd7 8. Nc3
b5 9. Bb3 Na5 10. Re1 Be7 11. e5 dxe5 12. Rxe5 Nxb3 13. axb3 O-O 14. Bf4 Bd6 15.
Nf3 Bxe5 16. Nxe5 Be6 17. Qf3 h6 18. Nc6 Bd5 19. Nxd5 Qxd5 20. Ne7+ Kh8 21. Nxd5
{Black resigns} 1-0